 Dungeon Crawl Stone Soup version 0.17-a0-72-gd614ac0 (webtiles) character file.

741 Chiseanne the Magician (level 7, -1/45 HPs)
             Began as an Octopode Wizard on Mar 13, 2015.
             Succumbed to a worker ant's poison
             ... on level 5 of the Dungeon.
             The game lasted 00:29:40 (6799 turns).

Chiseanne the Magician (Octopode Wizard)            Turns: 6799, Time: 00:29:40

Health: -1/45      AC:  1    Str:  8    XL:     7   Next: 75%
Magic:  27/28      EV: 19    Int: 22    God:
Gold:   284        SH:  0    Dex: 16    Spells: 5 memorised, 6 levels left

rFire  + . .     SeeInvis .     F - +0 short sword (flame)
rCold  . . .     Clarity  +     (no shield)
rNeg   . . .     SustAb   .     b - +0 hat
rPois  .         Gourm    .     (no amulet)
rElec  .         Spirit   .     e - ring of protection from fire
rCorr  .         Warding  .     r - ring of magical power
rMut   .         Stasis   .     j - +2 ring of intelligence
MR     .....                    (no ring)
Stlth  +++++.....               (no ring)
                                (no ring)
                                (no ring)
                                (no ring)

@: agile, lethally poisoned (-1 -> -12), not resistant to hostile enchantments,
quite stealthy
A: almost no armour, amphibious, 8 rings, constrict 8, camouflage 1, clarity,
gelatinous body 1
a: no special abilities


You were on level 5 of the Dungeon.
You were hungry.

You visited 1 branch of the dungeon, and saw 5 of its levels.

You collected 284 gold pieces.

Inventory:

Hand weapons
 a - a +1 whip of draining
 q - a +2 dagger of venom
 s - a +1 mace of venom
 w - a +0 blowgun
 C - a +3 hand axe
 D - a +0 scimitar
 F - a +0 short sword of flaming (weapon)
Missiles
 f - 36 arrows
 i - 63 poisoned needles
 u - 60 bolts
 H - 12 sling bullets
Armour
 b - a +0 hat (worn)
Jewellery
 e - a ring of protection from fire (left tentacle)
 j - a +2 ring of intelligence (on tentacle)
 r - a ring of magical power (right tentacle)
 E - an uncursed ring of flight {unknown}
Magical devices
 g - a wand of random effects (26)
 y - a wand of random effects (24)
Scrolls
 k - 3 scrolls of magic mapping
 l - 2 scrolls of remove curse
 t - 2 scrolls of amnesia {unknown}
Potions
 h - 2 potions of invisibility
 n - a potion of brilliance {unknown}
 o - a potion of might {unknown}
 v - a potion of poison {unknown}
 x - a potion of agility
 z - a potion of experience {unknown}
 B - a potion of flight {unknown}
Books
 c - a book of Minor Magic

   Spells                             Type                      Level
   a - Magic Dart                     Conjuration                  1
   b - Blink                          Translocation                2
   c - Call Imp                       Summoning                    2
   d - Repel Missiles                 Charms/Air                   2
   e - Slow                           Hexes                        2
   f - Conjure Flame                  Conjuration/Fire             3
   g - Mephitic Cloud                 Conjuration/Poison/Air       3
Comestibles
 d - 6 bread rations
 p - a beef jerky
 A - a meat ration


   Skills:
 * Level 2.2 Fighting
 * Level 4.2 Dodging
 * Level 4.3 Stealth
 * Level 5.6 Spellcasting
 * Level 3.8 Conjurations
   Level 1.0 Summonings
 - Level 1.0 Translocations


You had 6 spell levels left.
You knew the following spells:

 Your Spells              Type           Power        Failure   Level  Hunger
a - Magic Dart            Conj           ###.         1%          1    None
b - Blink                 Tloc           N/A          12%         2    None
c - Repel Missiles        Chrm/Air       #.....       17%         2    None
d - Conjure Flame         Conj/Fire      ##......     14%         3    ##.....
e - Mephitic Cloud        Conj/Pois/Air  ##......     17%         3    ##.....


Dungeon Overview and Level Annotations

Branches:
Dungeon (5/15)
 Temple: D:4-7

Altars:
Ashenzari
Nemelex Xobeh
Okawaru


Innate Abilities, Weirdness & Mutations

You cannot wear most types of armour.
You are amphibious.
You can wear up to eight rings at the same time.
You can use your tentacles to constrict many enemies at once.
Your skin changes colour to match your surroundings (Stealth).
Your rubbery body absorbs attacks (AC +1).
You possess an exceptional clarity of mind.


Message History

* * * LOW HITPOINT WARNING * * *
You are more poisoned.
The worker ant poisons you! The orc wizard hits you with a dagger.
* * * LOW HITPOINT WARNING * * *
Drink which item? (? for menu, Esc to quit)
You feel agile all of a sudden.
You constrict the worker ant, but do no damage.
You constrict the orc wizard.
* * * LOW HITPOINT WARNING * * *
You feel sick. The worker ant barely misses you.
The orc wizard gestures wildly while chanting.
The orc wizard flickers and vanishes!
Deactivating autopickup; reactivate with Ctrl-A.
The worker ant bites you!
* * * LOW HITPOINT WARNING * * *
Drink which item? (? for menu, Esc to quit)
It was a potion of beneficial mutation.
Your thoughts seem clearer.
You feel fantastic!
You constrict the worker ant. You constrict something.
You die...

# .... ..... ### ## .....##.#.#
#. .....##.#.#####. #########
..... #.#<#..... ........# ...
#.#.......
........#######{######.#...##..
.............).@a.....#.#.......
#####...#######).....#......#.#
#...# ##....#......#.# #...#
#.#.....#.#.#.# #...#
#.....###.#...# .#...# #####..#
#.##### #.#...# #......###......
#.#...#### #.###..#<.......
#.#......#####.###..#.#......


You could see a worker ant.

Vanquished Creatures
  Prince Ribbit (D:4)
  A big kobold (D:4)
  A giant frog skeleton (D:5)
  5 orc priests
  A worker ant (D:4)
  9 adders
  4 gnolls (D:3)
  2 giant mites (D:4)
  3 worms
  5 giant geckos
  17 orcs
  2 ball pythons
  9 goblins
  9 hobgoblins
  9 jackals
  33 kobolds
  4 quokkas
  12 bats
  6 giant cockroaches
  3 giant newts
  A jackal zombie (D:5)
  9 rats
  A plant (D:4)
147 creatures vanquished.

Vanquished Creatures (others)
  2 kobolds (D:4)
2 creatures vanquished.

Grand Total: 149 creatures vanquished

Notes
Turn   | Place    | Note
--------------------------------------------------------------
     0 | D:1      | Chiseanne, the Octopode Wizard, began the quest for the Orb.
     0 | D:1      | Reached XP level 1. HP: 11/11 MP: 4/4
   418 | D:1      | Reached XP level 2. HP: 17/17 MP: 1/6
  1228 | D:1      | Reached XP level 3. HP: 18/21 MP: 0/8
  2065 | D:2      | Found a sparkling altar of Nemelex Xobeh.
  2125 | D:2      | Reached XP level 4. HP: 27/27 MP: 5/10
  2581 | D:2      | Reached skill level 4 in Spellcasting
  2780 | D:2      | Learned a level 2 spell: Blink
  2783 | D:2      | Learned a level 2 spell: Repel Missiles
  2787 | D:2      | Learned a level 3 spell: Conjure Flame
  2791 | D:2      | Learned a level 3 spell: Mephitic Cloud
  3207 | D:3      | Reached XP level 5. HP: 32/32 MP: 13/13
  3353 | D:3      | Noticed a phantom
  3838 | D:3      | Reached skill level 1 in Fighting
  4283 | D:3      | Reached XP level 6. HP: 36/38 MP: 15/15
  4761 | D:4      | Noticed Prince Ribbit
  5531 | D:4      | Killed Prince Ribbit
  5531 | D:4      | Reached skill level 5 in Spellcasting
  5531 | D:4      | Reached XP level 7. HP: 45/45 MP: 14/18
  5989 | D:4      | Found a shattered altar of Ashenzari.
  6236 | D:5      | Entered Level 5 of the Dungeon
  6482 | D:5      | Found an iron altar of Okawaru.
  6798 | D:5      | HP: 1/45 [worker ant (7)]
  6799 | D:5      | Gained mutation: You possess an exceptional clarity of mind. [potion of beneficial mutation]
  6799 | D:5      | Succumbed to a worker ant's poison

Action                   |  1- 3 |  4- 6 |  7- 9 || total
-------------------------+-------+-------+-------++-------
Melee: Unarmed           |     5 |       |       ||     5
       Dagger            |    16 |    80 |    14 ||   110
       Mace              |       |    16 |     5 ||    21
       Short sword       |       |       |    12 ||    12
 Fire: Blowgun           |       |     8 |       ||     8
 Cast: Magic Dart        |    85 |   150 |    42 ||   277
       Blink             |       |     3 |     1 ||     4
       Mephitic Cloud    |       |     7 |     4 ||    11
Evoke: Wand              |       |     5 |     2 ||     7
  Use: Scroll            |       |     8 |     1 ||     9
       Potion            |       |     2 |     2 ||     4
 Stab: Distracted        |     1 |       |       ||     1
       Sleeping          |       |     2 |     1 ||     3
       Confused          |       |       |     1 ||     1
  Eat: Chunk             |     3 |    11 |     4 ||    18
